 Dungeon Crawl Stone Soup version 0.18.1-8-gdd0e5ea (webtiles) character file.

662 matakusis the Covert (level 7, -6/46 HPs)
             Began as a Vampire Enchanter on June 5, 2016.
             Mangled by an orc priest
             ... wielding a +0 flail
              (12 damage)
             ... on level 4 of the Dungeon.
             The game lasted 00:17:35 (2841 turns).

matakusis the Covert (Vampire Enchanter)            Turns: 2841, Time: 00:17:36

Health: -6/46      AC:  9    Str:  7    XL:     7   Next: 30%
Magic:  3/20       EV: 13    Int: 17    God:
Gold:   160        SH:  0    Dex: 17    Spells: 4 memorised, 4 levels left

rFire  . . .     SeeInvis +     a - +2 dagger
rCold  + . .     Gourm    .     b - +2 robe
rNeg   + + .     Faith    .     (no shield)
rPois  +         Spirit   .     (no helmet)
rElec  .         Dismiss  .     (no cloak)
rCorr  .         Reflect  .     g - +2 pair of gloves
SustAt .         Harm     .     (no boots)
MR     .....                    (no amulet)
Stlth  +++++.....               f - +2 ring of protection
                                e - ring of magical power

@: very slightly contaminated, regenerating slowly, not resistant to hostile
enchantments, quite stealthy
A: fangs 3, see invisible, low mp 1, screaming 1, wild magic 1, unbreathing
a: Bat Form


You were on level 4 of the Dungeon.
You were very thirsty.

You visited 1 branch of the dungeon, and saw 4 of its levels.

You collected 160 gold pieces.

Inventory:

Hand Weapons
 a - a +2 dagger (weapon)
Missiles
 h - a throwing net (quivered)
 n - 29 stones
Armour
 b - a +2 robe (worn)
 g - a +2 pair of gloves (worn)
Jewellery
 e - a ring of magical power (left hand)
 f - a +2 ring of protection (right hand)
Wands
 l - a wand of heal wounds (2/9)
Scrolls
 j - a scroll of immolation
 o - 2 scrolls of identify
Potions
 d - 17 potions of blood
Books
 c - a book of Maledictions

   Spells                             Type                      Level
   a - Corona                         Hexes                        1
   b - Ensorcelled Hibernation        Hexes/Ice                    2
   c - Confuse                        Hexes                        3
   d - Tukima's Dance                 Hexes                        3
   e - Dazzling Spray                 Conjuration/Hexes            3


   Skills:
 + Level 2.6 Short Blades
 + Level 3.0 Dodging
 * Level 9.1 Stealth
 + Level 4.0 Spellcasting
 + Level 6.8 Hexes


You had 4 spell levels left.
You knew the following spells:

 Your Spells              Type           Power        Failure   Level  Hunger
a - Corona                Hex            ####...      1%          1    None
b - Tukima's Dance        Hex            ####....     6%          3    ###....
c - Confuse               Hex            ####....     6%          3    ###....
d - Dazzling Spray        Conj/Hex       ###.....     21%         3    ###....


Dungeon Overview and Level Annotations

Branches:
Dungeon (4/15)
 Temple: D:4-7

Altars:


Innate Abilities, Weirdness & Mutations

You heal slowly.
You have razor-sharp teeth.
You have supernaturally acute eyesight.
You can survive without breathing.
Your magical capacity is low (-10% MP).
You occasionally shout uncontrollably at your foes.
Your spells are a little harder to cast, but a little more powerful.


Message History

The orc priest is moderately wounded.
The giant frog skeleton barely misses you.
You hit the orc priest but do no damage.
The orc priest is moderately wounded.
The orc priest looks braver for a moment.
The giant frog skeleton closely misses you.
You hit the orc priest but do no damage.
The orc priest is moderately wounded.
The giant frog skeleton hits you.
* * * LOW HITPOINT WARNING * * *
The orc priest barely misses you.
You barely miss the orc priest.
The orc priest is lightly wounded.
The giant frog skeleton misses you. The orc priest hits you with a flail.
* * * LOW HITPOINT WARNING * * *
The giant frog skeleton hits you but does no damage.
You hit the orc priest.
The orc priest is moderately wounded.
The giant frog skeleton misses you. The orc priest hits you with a flail!
You die...

...(..
###########.#...
#....#....#...##
#.#<.#.##.#.....
##.####.......#
#.=....).))...#
####..##...[..#
##.##.....)#####
#........o@...#
#..########Z.......
#... ..#.#####
#?..# #..### ##...
...# #...# ...##
#...


You could see an orc priest and a giant frog skeleton.

Vanquished Creatures
  A dancing weapon (D:4)
  Grinder (D:3)
  The ghost of nikopol the Shooter, an amateur HEHu (D:3)
  A vampire bat (D:3)
  2 orc priests (D:3)
  An orc wizard (D:4)
  6 adders
  A gnoll (D:4)
  3 worms (D:2)
  2 giant geckos
  4 orcs
  3 ball pythons
  6 giant cockroaches
  3 goblins
  8 hobgoblins
  8 jackals
  11 kobolds
  A quokka (D:2)
  12 bats
  5 giant newts
  5 rats
85 creatures vanquished.

Vanquished Creatures (collateral kills)
  Sigmund (D:2)
  2 gnolls (D:4)
  An orc (D:4)
4 creatures vanquished.

Grand Total: 89 creatures vanquished

Notes
Turn   | Place    | Note
--------------------------------------------------------------
     0 | D:1      | matakusis the Vampire Enchanter began the quest for the Orb.
     0 | D:1      | Reached XP level 1. HP: 13/13 MP: 3/3
   234 | D:1      | Gained mutation: You occasionally shout uncontrollably at your foes. [potion of mutation]
   234 | D:1      | Gained mutation: Your spells are a little harder to cast, but a little more powerful. [potion of mutation]
   234 | D:1      | Gained mutation: Your magical capacity is low (-10% MP). [potion of mutation]
   261 | D:1      | Reached XP level 2. HP: 19/19 MP: 4/4
   332 | D:1      | Reached skill level 5 in Stealth
   681 | D:2      | Reached XP level 3. HP: 19/24 MP: 3/5
   694 | D:2      | Reached skill level 5 in Hexes
   713 | D:2      | Learned a level 3 spell: Tukima's Dance
  1186 | D:2      | Reached XP level 4. HP: 30/30 MP: 4/7
  1411 | D:2      | Reached skill level 6 in Stealth
  1618 | D:2      | Noticed Sigmund
  1627 | D:2      | Killed Sigmund
  1627 | D:2      | Reached XP level 5. HP: 33/35 MP: 1/8
  1852 | D:2      | Learned a level 3 spell: Confuse
  1856 | D:2      | Learned a level 3 spell: Dazzling Spray
  1865 | D:3      | Noticed Grinder
  1966 | D:3      | Noticed nikopol's ghost (amateur HEHu)
  2070 | D:3      | Killed nikopol's ghost
  2070 | D:3      | Reached skill level 7 in Stealth
  2070 | D:3      | Reached XP level 6. HP: 33/41 MP: 9/9
  2174 | D:3      | Killed Grinder
  2174 | D:3      | Reached skill level 8 in Stealth
  2291 | D:3      | Reached XP level 7. HP: 46/46 MP: 11/11
  2619 | D:3      | Reached skill level 9 in Stealth
  2833 | D:4      | HP: 1/46 [orc priest/flail (6)]
  2841 | D:4      | Mangled by an orc priest

Skill      XL: |  1  2  3  4  5  6  7 |
---------------+----------------------+-----
Stealth        | 5 6 7 8 9 |  9.1
Hexes          | 5 6 |  6.8
Spellcasting   | 3 4 |  4.0
Short Blades   | 2 |  2.6
Dodging        | 3 |  3.0

Action                   |  1- 3 |  4- 6 |  7- 9 || total
-------------------------+-------+-------+-------++-------
Melee: Dagger            |   175 |   117 |    92 ||   384
       Bite              |    13 |    12 |     6 ||    31
 Cast: Corona            |    22 |     4 |     1 ||    27
       Tukima's Dance    |       |     2 |     4 ||     6
       Confuse           |       |     8 |     6 ||    14
  Use: Scroll            |     1 |     5 |     3 ||     9
       Potion            |     1 |     2 |     3 ||     6
 Stab: Sleeping          |     2 |     6 |     2 ||    10
       Confused          |       |     6 |     3 ||     9
       Distracted        |       |       |     1 ||     1
Armor: Robe              |    93 |    42 |    54 ||   189
Dodge: Dodged            |   116 |    67 |   104 ||   287
